 Dungeon Crawl Stone Soup version 0.28-a0-1184-g53156a8862 (webtiles) character file.

Game seed: 6471010044045469463

5613 septik the Cleaver (level 10, -8/77 HPs)
             Began as a Minotaur Berserker on Dec 17, 2021.
             Was a Priest of Trog.
             Mangled by an orc warrior (13 damage)
             ... on level 9 of the Dungeon.
             The game lasted 00:14:48 (9806 turns).

septik the Cleaver (Minotaur Berserker)             Turns: 9806, Time: 00:14:49

Health: -8/77      AC:  9    Str: 24    XL:     10   Next: 45%
Magic:  9/9        EV: 11    Int:  6    God:    Trog [***...]
Gold:   421        SH: 11    Dex: 10    Spells: 9/9 levels left

rFire   . . .      SeeInvis .   a - +3 hand axe
rCold   . . .      Faith    .   b - +0 kite shield
rNeg    . . .      Spirit   .   F - +0 troll leather armour
rPois   .          Reflect  .   (helmet restricted)
rElec   .          Harm     .   B - +0 cloak
rCorr   .          Rampage  .   (no gloves)
Will    .....                   (no boots)
Stlth   +.........              (no amulet)
HPRegen 1.02/turn               s - +4 ring of protection
MPRegen 0.11/turn               (no ring)

@: marked, on berserk cooldown, slowed, very slow
A: horns 2, retaliatory headbutt
a: Renounce Religion, Berserk, Trog's Hand


You were on level 9 of the Dungeon.
You worshipped Trog.
Trog was most pleased with you.
You visited 1 branch of the dungeon, and saw 9 of its levels.

You collected 475 gold pieces.
You spent 54 gold pieces at shops.

Inventory:

Hand Weapons
 a - a +3 hand axe (weapon)
Missiles
 k - 239 stones (quivered)
Armour
 b - a +0 kite shield (worn)
 o - a +0 scale mail
 y - a +0 chain mail
 B - a +0 cloak (worn)
 F - a +0 troll leather armour (worn)
Jewellery
 s - a +4 ring of protection (left hand)
Wands
 p - a wand of mindburst (38)
 x - a wand of paralysis (6)
 A - a wand of flame (11)
 C - a wand of iceblast (6)
Scrolls
 c - 4 scrolls of teleportation {unknown}
 h - 8 scrolls of identify
 i - a scroll of fog {unknown}
 j - a scroll of immolation {unknown}
 l - 3 scrolls of blinking {unknown}
 m - a scroll of brand weapon {unknown}
 n - a scroll of magic mapping {unknown}
 q - a scroll of vulnerability {unknown}
 r - a scroll of silence {unknown}
 u - a scroll of enchant armour {unknown}
Potions
 d - a potion of heal wounds {unknown}
 e - 2 potions of curing
 f - a potion of lignification {unknown}
 g - 2 potions of mutation {unknown}
 t - 2 potions of brilliance
 v - 2 potions of berserk rage {unknown}
 w - a potion of attraction {unknown}
 z - 3 potions of flight {unknown}
 D - a potion of magic {unknown}
 E - 2 potions of ambrosia {unknown}


   Skills:
 - Level 3.6 Fighting
 - Level 14.0 Axes
 - Level 2.4 Armour
 - Level 2.1 Dodging
 + Level 12.7 Shields


You had 9 spell levels left.
You didn't know any spells.
Your spell library was empty.

Dungeon Overview and Level Annotations

Branches:
Dungeon (9/15)             Temple (0/1) D:5
   Lair: D:8-11         Orc: D:9-12

Altars:
Dithmenos
Elyvilon
Gozag
Okawaru
Qazlal
Ru
Uskayaw
Wu Jian
Xom
Zin
Beogh

Shops:
D:4 *   D:5 =   D:7 [

Annotations:
D:6 1 runed translucent door, ThreePoint314's ghost, amateur HOMo
D:8 exclusions: electric eel and 2 more exclusions


Innate Abilities, Weirdness & Mutations

You have a pair of horns on your head.
You reflexively headbutt those who attack you in melee.


Message History

You closely miss something. Something hits you but does no damage.
The acid dragon bites you but does no damage.
You block the acid dragon's attack. You block the orc warrior's attack.
The centaur hits you.
* * * LOW HITPOINT WARNING * * *
You block the centaur's attack.
You closely miss the acid dragon.
The acid dragon is almost dead.
You hit something. You hit the centaur but do no damage.
The howler monkey hoots and howls with incredible vigour!
An orc warrior comes into view. It is wielding a +0 battleaxe.
You block the centaur's attack.
The centaur kicks you but does no damage.
You block something's attack. The orc warrior misses you.
The acid dragon spits acid at you. The splash of acid hits you!
* * * LOW HITPOINT WARNING * * *
You hit the centaur.
The centaur is moderately wounded.
You hit something. You hit the acid dragon.
You kill the acid dragon!
Trog accepts your kill. The centaur hits you.
* * * LOW HITPOINT WARNING * * *
You block the centaur's attack. Something hits you.
* * * LOW HITPOINT WARNING * * *
A troll comes into view.
The orc warrior hits you but does no damage.
You barely miss the centaur.
You headbutt the centaur, but do no damage.
The centaur is moderately wounded.
You slash something! Trog accepts your kill.
Trog appreciates your killing of a magic user.
Reactivating autopickup.
You feel a bit more experienced. The centaur closely misses you.
You furiously retaliate!
You headbutt the centaur! You block the centaur's attack.
The orc warrior hits you from afar with a +0 trident!
You die...

#............§......
#T.........######...
#..........# ####
#..o.......# #
#........))### #
#..g.....)...## #
#.oYZ...####..# ###
#hc†)...# ##.## #..
#..@....# #..# #.#
#.......# ###'###+#
#...))).# #..#.....
#../....# #..#.....
#...)))....+..'###+#
#..........#..#.'...
#..........#..#.#...
............'##+.#._.
.............#.
#.#...


You could see a yak, a troll, 2 orc warriors, a gnoll sergeant, a centaur, a
howler monkey (catching breath) and a howler monkey zombie.

Vanquished Creatures
  2 two-headed ogres
  An ugly thing (D:9)
  Maurice (D:8)
  Psyche (D:8)
  Prince Ribbit (D:5)
  Sigmund (D:4)
  A wyvern (D:8)
  2 steam dragons (D:8)
  2 water moccasins
  An acid dragon (D:9)
  4 orc warriors
  A black bear (D:6)
  2 necrophages
  A sky beast (D:4)
  5 centaurs
  A phantom (D:2)
  A scorpion (D:7)
  2 wyvern zombies (D:7)
  A bullfrog (D:6)
  A wight (D:9)
  A killer bee (D:9)
  A hound (D:4)
  2 bullfrog skeletons
  6 orc priests
  6 iguanas
  7 orc wizards
  A killer bee zombie (D:8)
  A howler monkey zombie (D:7)
  A howler monkey skeleton (D:6)
  8 adders
  A shadow imp (D:7)
  2 white imps
  2 worms
  6 dart slugs
  19 orcs
  4 ball pythons
  13 endoplasms
  6 giant cockroaches
  8 goblins
  7 hobgoblins
  5 jackals (D:2)
  6 quokkas
  11 bats
  3 frilled lizards
  5 kobolds
  6 rats
170 creatures vanquished.

Notes
Turn   | Place    | Note
-------+----------+-------------------------------------------
     0 | D:1      | septik the Minotaur Berserker began the quest for the Orb.
     0 | D:1      | Reached XP level 1. HP: 19/19 MP: 0/0
    88 | D:1      | Noticed a shining eye
    93 | D:1      | Noticed a great orb of eyes
    95 | D:1      | Found a faded altar of an unknown god.
    97 | D:1      | Noticed a great orb of eyes
    97 | D:1      | Noticed an eye of devastation
   114 | D:1      | Reached skill level 4 in Axes
   290 | D:1      | Reached XP level 2. HP: 26/26 MP: 1/1
   699 | D:1      | Reached skill level 5 in Axes
   861 | D:1      | Reached XP level 3. HP: 21/31 MP: 2/2
  1401 | D:2      | Reached ** piety under Trog
  1857 | D:2      | Reached skill level 6 in Axes
  1857 | D:2      | Reached XP level 4. HP: 27/39 MP: 3/3
  2340 | D:3      | Noticed a phantom
  2359 | D:2      | Killed a phantom
  2360 | D:2      | Reached skill level 7 in Axes
  2360 | D:2      | Reached XP level 5. HP: 13/45 MP: 4/4
  3053 | D:3      | Reached skill level 8 in Axes
  3123 | D:3      | You fall into a shaft and drop 1 floor!
  3168 | D:4      | Reached *** piety under Trog
  3242 | D:3      | Reached XP level 6. HP: 51/51 MP: 5/5
  3862 | D:4      | Found an opulent altar of Gozag.
  3862 | D:4      | Found a glowing silver altar of Zin.
  3914 | D:4      | Found Tiothun's General Store.
  3924 | D:4      | Bought a scroll of amnesia for 42 gold pieces
  3924 | D:4      | Bought a scroll of noise for 12 gold pieces
  3982 | D:4      | Found a white marble altar of Elyvilon.
  4171 | D:4      | Noticed a sky beast
  4178 | D:4      | Killed a sky beast
  4179 | D:4      | Reached skill level 9 in Axes
  4328 | D:4      | Noticed Sigmund
  4338 | D:4      | Killed Sigmund
  4339 | D:4      | Reached skill level 10 in Axes
  4339 | D:4      | Reached XP level 7. HP: 57/57 MP: 6/6
  4419 | D:5      | Entered Level 5 of the Dungeon
  4461 | D:5      | Found a staircase to the Ecumenical Temple.
  4643 | D:5      | Noticed Prince Ribbit
  4951 | D:5      | Found Jyrox's Jewellery Emporium.
  5411 | D:5      | Killed Prince Ribbit
  5412 | D:5      | Reached skill level 11 in Axes
  5850 | D:6      | Reached XP level 8. HP: 49/64 MP: 7/7
  6065 | D:6      | Reached skill level 12 in Axes
  6101 | D:6      | Reached skill level 1 in Shields
  6205 | D:6      | Found a runed translucent door.
  6205 | D:6      | Noticed ThreePoint314's ghost (amateur HOMo)
  7031 | D:7      | Found Jeonnysh's Antique Armour Boutique.
  7060 | D:7      | Found a sacrificial altar of Ru.
  7192 | D:7      | Found a shimmering altar of Xom.
  7210 | D:7      | Reached skill level 13 in Axes
  7245 | D:7      | Reached skill level 5 in Shields
  7598 | D:8      | Reached XP level 9. HP: 61/70 MP: 8/8
  7646 | D:8      | Noticed Psyche
  7656 | D:8      | Killed Psyche
  7946 | D:8      | HP: 2/70 [electric eel/bolt of electricity (11)]
  8625 | D:8      | Noticed Maurice
  8656 | D:8      | Killed Maurice
  8657 | D:8      | Reached skill level 14 in Axes
  8879 | D:8      | Found an iron altar of Okawaru.
  8895 | D:8      | Noticed a two-headed ogre
  8910 | D:8      | Killed a two-headed ogre
  9105 | D:8      | Found a hide-covered altar of Uskayaw.
  9161 | D:9      | Reached skill level 10 in Shields
  9495 | D:9      | Found a stormy altar of Qazlal.
  9556 | D:9      | Reached XP level 10. HP: 73/77 MP: 9/9
  9669 | D:9      | Found an ornate altar of the Wu Jian Council.
  9703 | D:9      | Found a shadowy altar of Dithmenos.
  9769 | D:9      | Noticed a two-headed ogre
  9782 | D:9      | Noticed a green ugly thing
  9786 | D:9      | Killed a two-headed ogre
  9799 | D:9      | Killed a green ugly thing
  9806 | D:9      | Mangled by an orc warrior

Illustrated notes

Levels and vault maps discovered:
D:1:      lightli_arrival_flooded_house, layout_basic,
          hellmonk_ecumenical_altar_watching_god
D:2:      layout_basic, grunt_ministairs_1, minmay_between
D:3:      layout_rooms
D:4:      layout_gridville, grunt_temple_overflow_gold_and_silver,
          elyvilon_altar_3, serial_shops, nicolae_stop_n_shop_2, uniq_sigmund
D:5:      layout_loops_corners, temple_pool_b, kennysheep_cross_room,
          minmay_shop_grid_forest, uniq_prince_ribbit1
D:6:      layout_loops_cross, gammafunk_ghost_grave, dk_noncrumbling_2
D:7:      layout_basic, nicolae_overflow_crystal_walls,
          nicolae_ru_great_annihilating_truth, serial_shops, shop,
          nicolae_elevator_lobby_asterisk
D:8:      layout_cave_pools, mainiacjoe_overflow_alcove_4,
          amcnicky_altar_gilded, minivault_14, uniq_psyche, uniq_maurice
D:9:      minmay_the_grid_4x2 [minmay_the_grid_small_cups,
          minmay_the_grid_plusring, minmay_the_grid_outer_circle,
          minmay_the_grid_paths, minmay_the_grid_medium_cups,
          minmay_the_grid_minigrid_small_alt, minmay_the_grid_minigrid_medium,
          minmay_the_grid_prize_four_corners_diamond_a], layout_irregular_city,
          mainiacjoe_overflow_24_doors, mainiacjoe_overflow_alcove_2,
          mainiacjoe_overflow_small_starburst, gammafunk_temple_overflow_wave,
          david_defended_altar_orc

Skill      XL: |  1  2  3  4  5  6  7  8  9 10 |
---------------+-------------------------------+-----
Axes           | 4 5 6 7 8 10 11 13 14 | 14.0
Shields        | 5 10 12 | 12.7
Fighting       | |  3.6
Armour         | |  2.4
Dodging        | |  2.1

Action                   |  1- 3 |  4- 6 |  7- 9 | 10-12 || total
-------------------------+-------+-------+-------+-------++-------
Melee: Hand axe          |    91 |   127 |   225 |    68 ||   511
       Headbutt          |    11 |    16 |    46 |     9 ||    82
Throw: Stone             |       |       |     1 |       ||     1
Invok: Berserk           |     1 |     3 |     6 |     1 ||    11
       Trog's Hand       |       |     1 |     3 |       ||     4
  Use: Scroll            |       |     1 |       |       ||     1
       Potion            |       |       |       |     1 ||     1
 Stab: Sleeping          |     3 |       |       |       ||     3
Armor: Animal skin       |    10 |       |       |       ||    10
       Ring mail         |     7 |    21 |       |       ||    28
       Scale mail        |       |    17 |    42 |       ||    59
       Chain mail        |       |       |    40 |       ||    40
       Troll leather arm |       |       |       |    14 ||    14
Dodge: Dodged            |    61 |    65 |    57 |    16 ||   199
Block: Kite shield       |       |    13 |    68 |    40 ||   121

Table legend: (Time is in decaauts)
 A = Elapsed time spent in this place.
 B = Non-inter-level travel time spent in this place.
 C = Inter-level travel time spent in this place.
 D = Time resting spent in this place.
 E = Time spent auto-exploring this place.
 F = Levels seen in this place.
 G = Mean time per level.
                   A        B        C        D        E       F      G
               +--------+--------+--------+--------+--------+-----+--------+
         Total |   9862 |   9414 |    448 |   1422 |   6718 |   9 | 1095.8 |
       Dungeon |   9862 |   9414 |    448 |   1422 |   6718 |   9 | 1095.8 |
               +--------+--------+--------+--------+--------+-----+--------+

Top non-repeatable levels by time:
     D:8: 1576 daAuts
     D:2: 1372 daAuts
     D:4: 1290 daAuts
     D:1: 1204 daAuts
     D:5: 1187 daAuts
     D:6: 924 daAuts
     D:7: 885 daAuts
     D:3: 798 daAuts
     D:9: 621 daAuts
